 Dungeon Crawl Stone Soup version 0.30-a0-424-g7412bad402 (webtiles) character file.

Game seed: 17892786958164345920

6228 scionoferis the Basher (level 10, -2/92 HPs)
             Began as an Armataur Fighter on Dec 9, 2022.
             Was a High Priest of Zin.
             Asphyxiated
             ... on level 10 of the Dungeon.
             The game lasted 00:31:47 (8890 turns).

scionoferis the Basher (Armataur Fighter)           Turns: 8890, Time: 00:31:48

Health: -2/92      AC:  9    Str: 21 (22) XL:     10   Next: 61%
Magic:  15/15      EV: 17    Int:  8      God:    Zin [*****.]
Gold:   430        SH: 10    Dex: 16      Spells: 9/9 levels left

rFire   . . .      SeeInvis .    a - +5 whip (flame)
rCold   . . .      Faith    .    c - +0 buckler
rNeg    . . .      Spirit   .    j - +0 steam dragon scales
rPois   .          Reflect  +    (no helmet)
rElec   .          Harm     .    (no cloak)
rCorr   .          Roll     +    E - +0 pair of gloves
Will    .....                    (no barding)
Stlth   +.........               G - amulet of reflection
HPRegen 0.35/turn                r - +4 ring of evasion
MPRegen 0.14/turn                m - +4 ring of evasion

@: lethally poisoned (-2 -> -13), on recite cooldown, slowed, studying
Summonings, very slow
A: large, rugged brown scales 3, deformed body, armoured tail, roll, long
tongue, awkward tongue, iridescent scales 1, agile 1, deterioration 2, low MP 1,
screaming 1, subdued magic 1
a: Renounce Religion, Recite, Vitalisation, Imprison, Sanctuary, Donate Gold


You were on level 10 of the Dungeon.
You worshipped Zin.
Zin was extremely pleased with you.
You visited 2 branches of the dungeon, and saw 11 of its levels.

You collected 680 gold pieces.
You spent 182 gold pieces at shops.
You donated 68 gold pieces to Zin.


Innate Abilities, Weirdness & Mutations

You are completely covered in rugged brown scales. (AC +3, +7% HP)
Armour fits poorly on your strangely shaped body.
You have a long armoured tail.
You roll when moving toward enemies. (Rampage)
Your long tongue fully drains potion bottles. (2x potion effects)
Your tongue gives you trouble enunciating. (1.5x scroll delay)
You are partially covered in iridescent scales. (AC +2)
You are agile. (Dex +4, Str/Int -1)
Your body often deteriorates upon taking damage.
Your magical capacity is low. (-10% MP)
You occasionally shout uncontrollably at your foes.
Your spells are a little easier to cast, but a little less powerful.


   Skills:
 + Level 7.3 Fighting
 * Level 9.9 Maces & Flails
 - Level 3.6 Armour
 - Level 4.0 Shields
 * Level 9.5 Invocations
 + Level 0.3 Evocations


You had 9 spell levels left.
You didn't know any spells.
Your spell library contained the following spells:

 Spells                   Type           Power      Damage    Failure   Level
 Slow                     Hex            0%         N/A       43%         1
 Sting                    Tmut/Pois      0%         1d3       43%         1
 Cigotuvi's Dreadful Rot  Necr/Pois/Air  0%         N/A       58%         2
 Ensorcelled Hibernation  Hex/Ice        0%         N/A       58%         2
 Poisonous Vapours        Pois/Air       0%         N/A       58%         2
 Confusing Touch          Hex            0%         N/A       82%         3
 Gell's Gravitas          Tloc           0%         N/A       82%         3
 Lesser Beckoning         Tloc           0%         N/A       82%         3
 Mephitic Cloud           Conj/Pois/Air  0%         N/A       82%         3
 Spider Form              Tmut/Pois      0%         N/A       82%         3
 Teleport Other           Tloc           0%         N/A       82%         3
 Tukima's Dance           Hex            0%         N/A       82%         3
 Vampiric Draining        Necr           0%         2d6       82%         3
 Anguish                  Hex/Necr       0%         N/A       99%         4
 Olgreb's Toxic Radiance  Pois           0%         N/A       99%         4
 Passage of Golubria      Tloc           0%         N/A       99%         4
 Yara's Violent Unravell  Hex/Tmut       0%         3d3       100%        5

Inventory:

Hand Weapons
 a - a +5 whip of flaming (weapon)
   (You took it off an orc on level 8 of the Dungeon)
 b - a +2 vorpal flail
   (You took it off an orc on level 8 of the Dungeon)
 v - a +0 broad axe of electrocution
   (You bought it in a shop on level 3 of the Dungeon)
Missiles
 f - 6 boomerangs
 o - 30 poisoned darts (quivered)
 J - 6 javelins
Armour
 c - a +0 buckler (worn)
 j - +0 steam dragon scales (worn)
   (You found it on level 8 of the Dungeon)
 p - a +0 robe of resistance
   (You took it off an orc wizard on level 5 of the Dungeon)
 C - a +0 troll leather armour
   (You found it on level 8 of the Dungeon)
 E - a +0 pair of gloves (worn)
   (You found it on level 7 of the Dungeon)
Jewellery
 k - a ring of resist corrosion
   (You found it on level 2 of the Dungeon)
 m - a +4 ring of evasion (right hand)
   (You found it on level 5 of the Dungeon)
 r - a +4 ring of evasion (left hand)
   (You took it off an orc wizard on level 5 of the Dungeon)
 t - an amulet of regeneration
   (You found it on level 5 of the Dungeon)
 x - a +6 ring of dexterity
   (You took it off an orc wizard on level 8 of the Dungeon)
 G - an amulet of reflection (around neck)
   (You found it on level 8 of the Dungeon)
Wands
 h - a wand of flame (32)
   (You found it on level 5 of the Dungeon)
 K - a wand of mindburst (11)
   (You found it on level 9 of the Dungeon)
 N - a wand of roots (6)
   (You found it on level 10 of the Dungeon)
Scrolls
 e - 3 scrolls of noise {unknown}
 g - 5 scrolls of fear {unknown}
 i - 2 scrolls of fog {unknown}
 l - 4 scrolls of amnesia {unknown}
 n - 7 scrolls of teleportation {unknown}
 q - 2 scrolls of poison {unknown}
 s - 2 scrolls of torment
 u - a scroll of immolation
 y - 2 scrolls of vulnerability
 B - 2 scrolls of brand weapon
 H - a scroll of enchant armour {unknown}
Potions
 d - 2 potions of might
 w - 4 potions of curing
 z - 2 potions of brilliance
 A - a potion of mutation
 D - 2 potions of heal wounds
 F - a potion of attraction
 I - a potion of invisibility
 L - 2 potions of ambrosia
 M - a potion of haste {unknown}

Dungeon Overview and Level Annotations

Branches:
Dungeon (10/15)            Temple (1/1) D:4             Orc (0/2) D:10
   Lair: D:8-11

Altars:
Cheibriados
Dithmenos
Elyvilon
Fedhas
Gozag
Hepliaklqana
Kikubaaqudgha
Makhleb
Nemelex Xobeh
Okawaru
Qazlal
Ru
Sif Muna
Trog
Uskayaw
Vehumet
Wu Jian
Xom
Yredelemnul
Zin
The Shining One

Shops:
D:2 [   D:3 (   D:10 (

Annotations:
D:7 3 runed translucent doors, hgbash's ghost, novice GnIE
D:10 Sonja

#...........#####
#..D............#
#.....gK....###.#
+...............#
#..######.......#
#+###K.##D......#
#....g.......#
#...§[.......#
#...@....>...#
#............#
#........∩...#
####.#.......#
#.#.......#
#.......)..#
#....####).#
#.... #..##
..#+#####.##


You could see Sonja, an acid dragon and a gnoll.


Message History

You easily resist.
The howler monkey attacks as you move away!
The howler monkey hits you.
A kobold comes into view. It is wielding a +0 club.
You feel sick.
The kobold shouts!
You hear a shout!
The howler monkey hoots and howls with incredible vigour!
You hear an angry hiss.
You hear a bellow!
You hear a shout!
You hear a bellow!
You hear a shout! x2; You hear a bellow!
You hear a shout!
You feel sick.
The orc wizard hits you with a +0 dagger.
A kobold brigand comes into view.
It is wielding a +0 dagger and quivering poisoned darts.
A kobold demonologist, a kobold brigand and a steam dragon come into view.
The kobold brigand is wielding a +0 whip and quivering poisoned darts.
You feel sick.
The kobold demonologist shouts!
The steam dragon hisses angrily.
You feel sick.
You feel sick.
You feel sick.
The orc wizard attacks as you move away!
The orc wizard hits you but does no damage.
You feel sick.
Items here: )) [ †.
You feel sick.
You feel sick.
You are no longer poisoned.
The orc wizard gestures at you while chanting.
You easily resist.
The orc wizard gestures at you while chanting.
The magic dart hits you.
There is a stone staircase leading up here.
The howler monkey hoots and howls with incredible vigour!
You hear a bellow!
You hear an angry hiss.
You climb upwards.
Reactivating autopickup.
There is a stone staircase leading down here.
You start resting.
HP restored.
You see here a howler monkey corpse.
Things that are here:
a +0 ring mail; a +0 flail
Things that are here:
a +0 robe; a +2 dagger of speed
Items here: )) [[.
There is a stone staircase leading down here.
You climb downwards.
There is a stone staircase leading up here.
The howler monkey hoots and howls with incredible vigour!
You hear a shout! x2; You hear a bellow!
The orc wizard hits you but does no damage.
You climb upwards.
There is a stone staircase leading down here.
You closely miss the orc wizard. The orc wizard barely misses you.
You barely miss the orc wizard. The orc wizard completely misses you.
You completely miss the orc wizard. You barely miss the orc wizard.
The orc wizard mumbles some strange words.
The orc wizard flickers and vanishes!
Deactivating autopickup; reactivate with Ctrl-A.
No target in view!
You hit something. You burn something. Something hits you but does no damage.
You hit something. You burn something. You closely miss something.
You tail-slap something.
Reactivating autopickup.
You feel a bit more experienced.
Things that are here:
a +0 dagger; a +0 robe
There is a stone staircase leading down here.
You climb downwards.
The troll shouts!
The howler monkey closely misses you. The orc barely misses you.
The howler monkey barely misses you. The kobold hits you but does no damage.
The orc completely misses you.
There is a stone staircase leading up here.
The howler monkey completely misses you.
The orc misses you. The kobold hits you with a +0 club.
You climb upwards.
There is a stone staircase leading down here.
The orc attacks as you move away! The orc hits you but does no damage.
The kobold closely misses you.
The howler monkey attacks as you move away!
The howler monkey hits you. You block the kobold's attack.
The howler monkey hits you.
You hit the kobold. You burn the kobold.
You kill the kobold!
You swing at nothing.
You hit the howler monkey. You burn the howler monkey.
You tail-slap the howler monkey!
The howler monkey is almost dead.
The howler monkey misses you.
You hit the howler monkey. You burn the howler monkey.
You kill the howler monkey!
You closely miss the orc. The orc completely misses you.
You closely miss the orc. You whack the orc! You burn the orc.
You kill the orc!
You swing at nothing.
You swing at nothing.
Things that are here:
a +0 whip; a +0 club
There is a stone staircase leading down here.
You climb downwards.
The troll bites you! The troll claws you but does no damage.
The troll claws you.
There is a stone staircase leading up, spattered with blood here.
The troll bites you. The troll barely misses you. The troll misses you.
You climb upwards.
There is a stone staircase leading down here.
Activating: Recite (0% risk of failure)
Press: ? - help, Dir - look around, f - activate Look: a troll You clear your throat and prepare to recite. "And Zin said to all in attendance, 'Which of ye..."
The troll bites you. You block the troll's attack. The troll misses you.
Unknown command.
You closely miss the troll. You tail-slap the troll.
The troll is lightly wounded.
The troll bites you. You block the troll's attack.
The troll claws you but does no damage.
You hit the troll. You burn the troll.
The troll is moderately wounded. "...number among the fetid masses?
Come before me, that..."
The troll misses you. The troll claws you but does no damage.
The troll claws you.
You closely miss the troll.
The troll is moderately wounded. "...I may condemn you now for your uncleanliness!'" The troll is dazed by your recitation.
The troll shouts!
You finish reciting Ablutions 9:7.
You block the troll's attack. The troll barely misses you.
The troll misses you.
You hit the troll. You burn the troll.
The troll is moderately wounded.
You barely miss the troll.
The troll is moderately wounded.
The troll bites you but does no damage. The troll claws you.
You block the troll's attack.
You hit the troll. You burn the troll.
The troll is heavily wounded.
You hit the troll. You burn the troll.
The troll is heavily wounded.
The troll misses you. The troll claws you but does no damage.
You block the troll's attack.
You closely miss the troll. You tail-slap the troll.
The troll is heavily wounded.
The troll is lost in a daze.
You hit the troll. You burn the troll.
The troll is severely wounded.
You whack the troll! You burn the troll. You tail-slap the troll.
You kill the troll!
The troll leather armour is intact enough to wear.
Things that are here:
a +0 troll leather armour; a troll corpse
C - a +0 troll leather armour You start removing your armour.
You continue taking off your +0 chain mail. x4
You finish taking off your +0 chain mail.
You start putting on your armour.
You continue putting on your +0 troll leather armour. x5
You finish putting on your +0 troll leather armour.
The armour cannot attune itself to your injured body.
You start resting.
HP restored.
Your armour attunes itself to your body as you begin to regenerate more quickly.
You drop a +0 chain mail.
There is a stone staircase leading down here.
You are ready to recite again.
You climb downwards.
There is a stone staircase leading up, spattered with blood here.
The orc warrior hits you from afar with a +2 trident of venom.
You are poisoned.
You block the steam dragon's attack.
The steam dragon claws you but does no damage.
You climb upwards.
You feel very sick.
There is a stone staircase leading down here.
You hit the steam dragon. You burn the steam dragon.
You tail-slap the steam dragon, but do no damage.
The steam dragon is moderately wounded.
You feel sick. The steam dragon breathes steam at you.
The ball of steam hits you!
You barely miss the steam dragon.
The steam dragon is moderately wounded.
You are engulfed in a cloud of scalding steam.
You feel sick.
You closely miss the steam dragon.
The steam dragon is moderately wounded.
You are engulfed in a cloud of scalding steam.
You feel sick.
The steam dragon bites you but does no damage.
The steam dragon claws you but does no damage.
You hit the steam dragon. You burn the steam dragon.
Your tail-slap misses the steam dragon.
The steam dragon is moderately wounded.
You are engulfed in a cloud of scalding steam.
You feel sick.
The steam dragon bites you but does no damage.
The steam dragon claws you.
You hit the steam dragon but do no damage.
The steam dragon is moderately wounded.
You are engulfed in a cloud of scalding steam.
You hit the steam dragon. You burn the steam dragon.
Your tail-slap misses the steam dragon.
The steam dragon is moderately wounded.
You are engulfed in a cloud of scalding steam.
You feel sick. The steam dragon breathes steam at you.
The ball of steam hits you!
Your body deteriorates!
You feel dopey.
You hit the steam dragon. You burn the steam dragon.
Your tail-slap misses the steam dragon.
The steam dragon is severely wounded.
You are engulfed in a cloud of scalding steam.
You feel sick. The steam dragon bites you. The steam dragon closely misses you.
You hit the steam dragon. You burn the steam dragon.
The steam dragon is almost dead.
You are engulfed in a cloud of scalding steam.
You hit the steam dragon but do no damage.
You tail-slap the steam dragon, but do no damage.
The steam dragon is almost dead.
You are engulfed in a cloud of scalding steam.
You feel sick. The steam dragon bites you. The steam dragon closely misses you.
You hit the steam dragon. You burn the steam dragon.
You tail-slap the steam dragon.
You kill the steam dragon!
The steam dragon scales are intact enough to wear.
You are engulfed in a cloud of scalding steam.
You feel sick.
You are no longer poisoned.
Items here: [[ ††.
You start resting.
HP restored. j - +0 steam dragon scales You start removing your armour.
You continue taking off your +0 troll leather armour. x4
You finish taking off your +0 troll leather armour.
You start putting on your armour.
You continue putting on your +0 steam dragon scales. x5
You finish putting on your +0 steam dragon scales.
Unknown command.
You start removing your armour.
You continue taking off your +0 steam dragon scales. x4
You finish taking off your +0 steam dragon scales.
You start putting on your armour.
You continue putting on your +0 troll leather armour. x5
You finish putting on your +0 troll leather armour.
The armour throbs as it attunes itself to your uninjured body.
You start removing your armour.
You continue taking off your +0 troll leather armour. x4
You finish taking off your +0 troll leather armour.
You start putting on your armour.
You continue putting on your +0 steam dragon scales. x5
You finish putting on your +0 steam dragon scales.
Unknown command.
There is a stone staircase leading down here.
You climb downwards.
There is a stone staircase leading up, spattered with blood here.
Activating: Recite (0% risk of failure)
Press: ? - help, Dir - look around, f - activate Look: an orc warrior, wielding a +2 trident of venom and wearing a +0 plate armour You clear your throat and prepare to recite. "The hordes of the Abyss stood before Zin, and in that instant..."
The orc warrior is limned with silver light.
You hear an angry hiss.
You hear a shout! x2
You roll towards the orc warrior!
You hit the orc warrior but do no damage.
You tail-slap the orc warrior, but do no damage.
You block the orc warrior's attack.
You hit the orc warrior but do no damage. "...they knew they would be found guilty of chaos..."
You hear a shout!
You block the orc warrior's attack.
You hit the orc warrior. You burn the orc warrior.
The orc warrior is lightly wounded. "...for that is the word of Zin, and Zin's word is law."
You finish reciting Abominations 27:7.
You hit the orc warrior. You burn the orc warrior.
The orc warrior is moderately wounded.
The orc warrior closely misses you.
You completely miss the orc warrior.
The orc warrior is moderately wounded.
The orc warrior completely misses you.
You hit the orc warrior. You burn the orc warrior.
The orc warrior is heavily wounded.
You hit the orc warrior. You burn the orc warrior.
The orc warrior is heavily wounded.
The orc warrior hits you with a +2 trident of venom!
Your body deteriorates!
You feel dopey.
You hit the orc warrior. You burn the orc warrior.
The orc warrior is severely wounded.
The orc warrior hits you with a +2 trident of venom!
Your body deteriorates!
You feel clumsy.
You are poisoned.
You hit the orc warrior. You burn the orc warrior.
The orc warrior is almost dead.
You feel sick.
You whack the orc warrior! You burn the orc warrior.
You kill the orc warrior!
You feel sick.
You feel sick.
Things that are here:
a +2 trident of venom; a +0 plate armour; an orc corpse You feel sick.
There is a stone staircase leading up here.
You feel sick.
You climb upwards.
You feel sick.
There is a stone staircase leading down here.
You start resting.
You feel sick. x2
You are no longer poisoned.
You start resting.
You are ready to recite again.
You start resting.
HP restored.
You climb downwards.
There is a stone staircase leading up here.
Things that are here:
a +0 plate armour; a +2 trident of venom; an orc corpse A centaur comes into view.
You yell at the centaur!
You hear a shout! x6
The centaur wields a +0 shortbow.
The centaur shoots an arrow.
You block the arrow.
The centaur shoots an arrow.
You block the arrow.
The centaur shoots an arrow.
The arrow barely misses you.
Items here: )) [ ÷.
The kobold brigand shouts!
The kobold shouts!
You hear a shout! x2
You hear a bellow!
A kobold brigand comes into view.
It is wielding a +0 short sword and quivering poisoned darts.
The centaur shoots an arrow.
The arrow hits you.
The centaur shoots an arrow.
The arrow barely misses you.
Items here: )) [ ÷.
A centaur comes into view.
The centaur shouts!
The centaur shoots an arrow.
The arrow barely misses you.
You hear a shout!
The centaur shoots an arrow.
The arrow hits you!
A kobold brigand comes into view.
It is wielding a staff of poison and quivering poisoned darts.
The centaur shoots an arrow.
The arrow completely misses you.
You see here a +0 club.
The centaur shoots an arrow.
The arrow misses you.
You see here a +0 sling.
You whack the kobold brigand! You burn the kobold brigand.
Your tail-slap misses the kobold brigand.
The kobold brigand is heavily wounded.
The centaur shoots an arrow.
The arrow hits you. You block the kobold brigand's attack.
You hit the kobold brigand. You burn the kobold brigand.
The kobold brigand is severely wounded.
The kobold brigand misses you.
You hit the kobold brigand. You burn the kobold brigand.
The kobold brigand is almost dead.
The centaur shoots an arrow.
The arrow hits you. The kobold brigand barely misses you.
A kobold comes into view. It is wielding a +0 short sword.
The centaur shoots an arrow.
The arrow completely misses you.
You whack the kobold brigand! You burn the kobold brigand.
You kill the kobold brigand!
The centaur shoots an arrow.
You block the arrow.
The centaur wields a +0 shortbow.
The centaur shoots an arrow.
The arrow misses you.
Items here: ( ) | ÷ †.
The centaur shoots an arrow.
The arrow completely misses you.
The arrow barely misses the kobold.
The kobold misses you.
There is a stone staircase leading up here.
The kobold completely misses you.
The centaur shoots an arrow.
The arrow hits you but does no damage.
You climb upwards.
There is a stone staircase leading down here.
You whack the kobold! You burn the kobold.
You kill the kobold!
No target in view!
You start resting.
HP restored.
Things that are here:
a +0 short sword; a kobold corpse
There is a stone staircase leading down here.
You climb downwards.
The centaur shoots an arrow.
The arrow hits you.
The centaur shoots an arrow.
The arrow hits you.
There is a stone staircase leading up here.
You roll towards the centaur!
You barely miss the centaur.
The centaur unwields a +0 shortbow.
The centaur hits you but does no damage.
You block the centaur's attack.
The kobold demonologist casts a spell.
You hit the centaur. You burn the centaur.
The centaur is moderately wounded.
You block the centaur's attack. The centaur closely misses you.
You whack the centaur! You burn the centaur.
The centaur is almost dead.
The rust devil hits you. The rust devil corrodes you!
The centaur barely misses you. x2
You barely miss the centaur. You tail-slap the centaur.
You kill the centaur!
You block the rust devil's attack.
The rust devil attacks as you move away!
The rust devil hits you! The rust devil corrodes you!
A kobold comes into view. It is wielding a +0 dagger.
The kobold shouts!
There is a stone staircase leading up here.
The kobold demonologist mumbles some strange words.
The rust devil barely misses you.
You hear an angry hiss.
You climb upwards.
The rust devil disappears in a puff of smoke!
The red devil disappears in a puff of smoke!
There is a stone staircase leading down here.
Activating: Recite (0% risk of failure)
Press: ? - help, Dir - look around, f - activate Look: a kobold demonologist, wielding a +0 dagger and wearing a +0 robe You clear your throat and prepare to recite. "Zin hath not damned the unbelievers, but it is they..."
The kobold demonologist is confused by your recitation.
The kobold demonologist hits you with a +0 dagger.
You hit the kobold demonologist. You burn the kobold demonologist.
You tail-slap the kobold demonologist, but do no damage.
The kobold demonologist is lightly wounded.
You hit the kobold demonologist but do no damage.
Your tail-slap misses the kobold demonologist.
The kobold demonologist is lightly wounded. "...that have damned themselves for their disloyalty, for..."
The kobold demonologist closely misses you.
You hit the kobold demonologist but do no damage.
The kobold demonologist is lightly wounded. "...did Zin not decree that to be disloyal was wrong?"
You finish reciting Apostates 23:43.
You roll towards the kobold demonologist!
You hit the kobold demonologist. You burn the kobold demonologist.
You tail-slap the kobold demonologist, but do no damage.
The kobold demonologist is lightly wounded.
You hit the kobold demonologist. You burn the kobold demonologist.
The kobold demonologist is moderately wounded.
You hit the kobold demonologist but do no damage.
The kobold demonologist is moderately wounded.
You block the kobold demonologist's attack.
You hit the kobold demonologist. You burn the kobold demonologist.
The kobold demonologist is moderately wounded.
You hit the kobold demonologist but do no damage.
You tail-slap the kobold demonologist!
The kobold demonologist is heavily wounded.
You completely miss the kobold demonologist.
The kobold demonologist is heavily wounded.
You barely miss the kobold demonologist.
The kobold demonologist is heavily wounded.
The kobold demonologist barely misses you.
You catch the helpless kobold demonologist completely off-guard!
You hit the kobold demonologist but do no damage.
The kobold demonologist is heavily wounded.
The kobold demonologist hits you with a +0 dagger.
You barely miss the kobold demonologist.
You tail-slap the kobold demonologist.
The kobold demonologist is heavily wounded.
You are ready to recite again.
You block the kobold demonologist's attack.
You hit the kobold demonologist. You burn the kobold demonologist.
You tail-slap the kobold demonologist.
The kobold demonologist is severely wounded.
You hit the kobold demonologist. You burn the kobold demonologist.
The kobold demonologist is severely wounded.
The kobold demonologist completely misses you.
You closely miss the kobold demonologist.
Your tail-slap misses the kobold demonologist.
The kobold demonologist is severely wounded.
You strike the helpless kobold demonologist from behind!
You hit the kobold demonologist. You burn the kobold demonologist.
The kobold demonologist is almost dead.
There is a stone staircase leading down here.
You roll towards the kobold demonologist!
You strike the helpless kobold demonologist from behind!
You hit the kobold demonologist. You burn the kobold demonologist.
You kill the kobold demonologist!
You feel your dexterity returning.
Your Fighting skill increases to level 7!
Items here: )) [ ††.
There is a stone staircase leading down here.
You start resting.
Magic restored.
You start waiting.
You are no longer corroded.
You climb downwards.
The kobold brigand completely misses you.
A kobold comes into view. It is wielding a +0 dagger.
There is a stone staircase leading up here.
The kobold throws a stone.
The stone misses you.
You climb upwards.
There is a stone staircase leading down here.
You barely miss the kobold brigand. You tail-slap the kobold brigand.
The kobold brigand is lightly wounded.
You block the kobold brigand's attack.
You hit the kobold brigand. You burn the kobold brigand.
The kobold brigand is moderately wounded.
The kobold brigand closely misses you.
You hit the kobold brigand but do no damage.
The kobold brigand is moderately wounded.
You hit the kobold brigand. You burn the kobold brigand.
The kobold brigand is heavily wounded.
The kobold brigand hits you but does no damage.
You barely miss the kobold brigand.
The kobold brigand is heavily wounded.
You whack the kobold brigand! You burn the kobold brigand.
Your tail-slap misses the kobold brigand.
The kobold brigand is almost dead.
You block the kobold brigand's attack.
You whack the kobold brigand! You burn the kobold brigand.
You kill the kobold brigand!
Your Invocations skill increases to level 9!
o - 9 poisoned darts (gained 3)
Items here: ))) [ ††.
There is a stone staircase leading down here.
You climb downwards.
The kobold hits you but does no damage.
The centaur shoots an arrow.
The arrow misses you.
The arrow barely misses the kobold.
The kobold hits you but does no damage.
The kobold brigand completely misses you.
There is a stone staircase leading up here.
The centaur shoots an arrow.
You block the arrow.
The kobold brigand hits you with a +0 short sword.
The kobold misses you.
The kobold throws a stone.
The stone closely misses you.
You climb upwards.
There is a stone staircase leading down here.
You barely miss the kobold brigand. You hit the kobold brigand.
You burn the kobold brigand.
The kobold brigand is lightly wounded.
The kobold brigand completely misses you.
The kobold hits you but does no damage.
You hit the kobold brigand. You burn the kobold brigand.
You tail-slap the kobold brigand.
The kobold brigand is heavily wounded.
You block the kobold brigand's attack. You block the kobold's attack.
You whack the kobold brigand! You burn the kobold brigand.
The kobold brigand is severely wounded.
The kobold brigand closely misses you. The kobold hits you with a +0 dagger.
You hit the kobold brigand. You burn the kobold brigand.
You kill the kobold brigand!
You whack the kobold! You burn the kobold.
You kill the kobold!
You see here a +0 dagger.
o - 13 poisoned darts (gained 4)
Things that are here:
a +0 short sword; a kobold corpse
There is a stone staircase leading down here.
You climb downwards.
The centaur shoots an arrow.
You block the arrow.
The centaur shoots an arrow.
The arrow barely misses you.
A yak comes into view.
The centaur shoots an arrow.
You block the arrow.
There is a stone staircase leading up here.
You roll towards the centaur!
You whack the centaur! You burn the centaur. You tail-slap the centaur!
The centaur is almost dead.
A steam dragon comes into view.
The kobold throws a stone.
The stone barely misses you.
The centaur unwields a +0 shortbow.
The centaur misses you. x2
You hit the centaur. You burn the centaur.
You kill the centaur!
The steam dragon breathes steam at you.
The ball of steam hits the kobold!
The kobold dies!
The ball of steam misses you.
The kobold is engulfed in a cloud of scalding steam.
The kobold dies!
There is a stone staircase leading up here.
A yak comes into view.
A yak comes into view.
The steam dragon closely misses you. You block the steam dragon's attack.
You climb upwards.
There is a stone staircase leading down here.
You hit the steam dragon. You burn the steam dragon.
The steam dragon is moderately wounded.
You hit the steam dragon but do no damage.
The steam dragon is moderately wounded.
The steam dragon bites you but does no damage.
The steam dragon closely misses you.
You completely miss the steam dragon. You tail-slap the steam dragon!
The steam dragon is heavily wounded.
You whack the steam dragon! You burn the steam dragon.
The steam dragon is severely wounded.
The steam dragon breathes steam at you. The ball of steam misses you.
You barely miss the steam dragon.
The steam dragon is severely wounded.
The steam dragon barely misses you.
The steam dragon claws you but does no damage.
You hit the steam dragon. You burn the steam dragon.
You tail-slap the steam dragon.
You kill the steam dragon!
You feel your intelligence returning.
Items here: ))) [ ††.
There is a stone staircase leading down here.
You climb downwards.
The yak bellows!
There is a stone staircase leading up here.
Items here: ( ))) ? | ÷ †††.
You roll towards the kobold brigand!
You whack the kobold brigand! You burn the kobold brigand.
The kobold brigand is heavily wounded.
The kobold brigand hits you with a +0 whip.
You hit the kobold brigand. You burn the kobold brigand.
The kobold brigand is heavily wounded.
You hit the kobold brigand. You burn the kobold brigand.
You tail-slap the kobold brigand!
You kill the kobold brigand!
Things that are here:
a +0 whip; 6 poisoned darts; a +0 club
Things that are here:
a +0 sling; a +0 club The yak bellows!
You hit the yak. You burn the yak.
The yak is lightly wounded.
The yak gores you.
You hit the yak. You burn the yak.
The yak is moderately wounded.
You hit the yak. You burn the yak.
The yak is heavily wounded.
The yak closely misses you.
You hit the yak. You burn the yak.
The yak is heavily wounded.
The yak gores you!
You whack the yak! You burn the yak.
You tail-slap the yak, but do no damage.
The yak is severely wounded.
You hit the yak. You burn the yak.
The yak is almost dead.
The yak misses you.
You hit the yak. You burn the yak.
You kill the yak!
You swing at nothing.
You hit the yak. You burn the yak.
You tail-slap the yak, but do no damage.
The yak is lightly wounded.
The yak closely misses you.
You whack the yak! You burn the yak.
You tail-slap the yak, but do no damage.
The yak is moderately wounded.
You whack the yak! You burn the yak.
The yak is severely wounded.
The yak gores you but does no damage.
You completely miss the yak. You tail-slap the yak.
The yak is severely wounded.
The yak misses you.
You closely miss the yak.
The yak is severely wounded.
You hit the yak. You burn the yak.
The yak is almost dead.
You block the yak's attack.
You hit the yak. You burn the yak.
The yak is almost dead.
The yak gores you but does no damage.
You whack the yak! You burn the yak.
You kill the yak!
You swing at nothing.
You hit the yak but do no damage. The yak misses you.
You hit the yak. You burn the yak.
The yak is lightly wounded.
You closely miss the yak.
The yak is lightly wounded.
The yak misses you.
You barely miss the yak.
The yak is lightly wounded.
You barely miss the yak.
The yak is lightly wounded.
The yak gores you but does no damage.
You hit the yak. You burn the yak.
The yak is moderately wounded.
The yak gores you.
You whack the yak! You burn the yak.
The yak is severely wounded.
You closely miss the yak. You tail-slap the yak.
The yak is severely wounded.
The yak gores you but does no damage.
You whack the yak! You burn the yak. You tail-slap the yak.
You kill the yak!
You feel your intelligence returning.
You hit the yak. You burn the yak.
The yak is lightly wounded.
You hit the yak. You burn the yak.
Your tail-slap misses the yak.
The yak is moderately wounded.
The yak gores you but does no damage.
You whack the yak! You burn the yak.
The yak is severely wounded.
The yak gores you but does no damage.
You whack the yak! You burn the yak.
You kill the yak!
You swing at nothing.
H - a scroll labelled DOIBUAS VECRI;
o - 21 poisoned darts (gained 8)
Items here: ))) | ÷ ††††.
Things that are here:
a +0 sling; a +0 club
o - 27 poisoned darts (gained 6)
Things that are here:
a +0 whip; a +0 club You see here a +6 flail.
e - 3 scrolls labelled NOGOSA QUYX (gained 1)
You pay a tithe of 2 gold.
You now have 314 gold pieces (gained 10).
You see here a +0 chain mail.
o - 28 poisoned darts (gained 1)
o - 29 poisoned darts (gained 1)
o - 30 poisoned darts (gained 1)
You pay a tithe of 1 gold.
You now have 325 gold pieces (gained 11).
Found an escape hatch in the ceiling.
Found 6 javelins.
You roll towards the orc wizard!
The orc wizard shouts!
You roll towards the orc wizard!
The orc wizard casts a spell.
The orc wizard flickers and vanishes!
Deactivating autopickup; reactivate with Ctrl-A.
You hit something. You burn something.
Your tail-slap misses something.
You barely miss something. Something closely misses you.
You barely miss something. Something hits you but does no damage.
You barely miss something. Something hits you but does no damage.
You completely miss something. You closely miss something.
You hear some strange, mumbled words.
A magic dart appears from out of thin air!
The magic dart hits you but does no damage.
You whack something! You burn something.
Reactivating autopickup.
You feel a bit more experienced.
Things that are here:
a +0 dagger; a +0 robe; an orc corpse You see here 6 javelins.
J - 6 javelins
Found a dagger.
Found a great sword.
You see here a +0 dagger.
Found an escape hatch in the floor.
h - a wand of flame (32) (gained 8 charges)
K - a wand of mindburst (11)
Found a stone staircase leading down.
Items here: ))) | ÷ †††.
Things that are here:
a +0 sling; a +0 club
Things that are here:
a +0 whip; a +0 club
d - 2 potions of might (gained 1)
L - 2 bubbling ruby potions
Things that are here:
a +0 whip; a +0 robe; a +0 dagger
There is a large open door here.
There is a large open door here.
There is a large open door here.
There is a large open door here.
Found a stone staircase leading down.
B - 2 scrolls of brand weapon (gained 1)
D - 2 potions of heal wounds (gained 1)
M - a yellow potion You see here a +0 great sword.
Done exploring.
You start removing your amulet.
You continue taking off your amulet of regeneration. x4
You finish taking off your amulet of regeneration.
You start putting on your amulet.
You continue putting on your amulet of reflection. x5
You finish putting on your amulet of reflection.
You feel a shielding aura gather around you.
G - an amulet of reflection (around neck) Done exploring.
There is a stone staircase leading down here.
You have 325 gold pieces.
You climb downwards.
Found a ring mail.
There is a stone staircase leading up here.
Found an escape hatch in the floor.
You see here a +0 ring mail.
You open the door.
There is an open door here.
A centaur comes into view.
The centaur shouts!
The centaur wields a +0 shortbow.
The centaur shoots an arrow.
The arrow hits you!
The centaur shoots an arrow.
The arrow completely misses you.
The centaur unwields a +0 shortbow.
The centaur hits you but does no damage.
You block the centaur's attack. The centaur closely misses you.
The centaur completely misses you.
You hit the centaur. You burn the centaur. You tail-slap the centaur!
The centaur is severely wounded.
You block the centaur's attack. The centaur kicks you.
You hit the centaur. You burn the centaur.
You kill the centaur!
Things that are here:
a +0 shortbow; a centaur corpse HP restored.
You pay a tithe of 1 gold.
You now have 340 gold pieces (gained 15).
Found an escape hatch in the ceiling.
An orc comes into view. It is wielding a +0 club.
Found Haicet's Weapon Shoppe.
Found a staircase to the Orcish Mines.
You hit the orc. You burn the orc.
You kill the orc!
An orc comes into view. It is wielding a +0 mace.
Found 44 gold pieces and a chain mail.
Things that are here:
a +0 club; an orc corpse An orc comes into view.
It is wielding a +0 hand axe.
Found 14 gold pieces.
The orc shouts! x2
Things that are here:
a +0 club; an orc corpse An orc comes into view.
It is wielding a +0 club.
You hit the orc. You burn the orc.
Your tail-slap misses the orc.
The orc is heavily wounded.
You whack the orc! You burn the orc.
You kill the orc!
You barely miss the orc. You block the orc's attack.
You barely miss the orc. You tail-slap the orc!
You kill the orc!
You block the orc's attack.
Items here: ))) [ ††.
You hit the orc. You burn the orc.
The orc is almost dead.
The orc barely misses you.
You whack the orc! You burn the orc.
You kill the orc!
Items here: ))) [ ††.
Things that are here:
a +0 club; a +0 ring mail
Found a scroll of identify.
You pay a tithe of 2 gold.
You now have 353 gold pieces (gained 13).
Found 6 gold pieces.
There is an entrance to Haicet's Weapon Shoppe here.
Found a scroll of vulnerability.
You pay a tithe of 1 gold.
You now have 365 gold pieces (gained 12).
You pay a tithe of 2 gold.
You can now call upon Zin to create a sanctuary.
You now have 377 gold pieces (gained 12).
N - a scroll of identify As you slowly read the scroll of identify, it crumbles to dust.
L - 2 potions of ambrosia You now have 383 gold pieces (gained 6).
You pay a tithe of 2 gold.
You now have 397 gold pieces (gained 14).
You pay a tithe of 1 gold.
You now have 410 gold pieces (gained 13).
You pay a tithe of 1 gold.
You now have 418 gold pieces (gained 8).
You pay a tithe of 2 gold.
You now have 430 gold pieces (gained 12).
There is a staircase to the Orcish Mines here.
y - 2 scrolls of vulnerability (gained 1)
Found a stone staircase leading up.
N - a wand of roots (6)
You open the door.
A gnoll comes into view.
It is wielding a +2 whip of electrocution.
Found a stone staircase leading down.
A gnoll sergeant and a gnoll come into view.
The gnoll sergeant is wielding a +1 trident of protection.
Found a stone staircase leading down.
The gnoll sergeant shouts!
The gnoll shouts!
You hear a shout! x2
A gnoll comes into view. It is wielding a +0 halberd.
The gnoll shouts!
There is an open door here.
You swing at nothing.
You whack the gnoll! You burn the gnoll.
The gnoll is severely wounded.
The gnoll hits you with a +2 whip of electrocution.
You hit the gnoll. You burn the gnoll.
You kill the gnoll!
You swing at nothing.
Sonja, the Graceful Assassin comes into view.
She is wielding a +2 short sword of venom and quivering curare-tipped darts.
The gnoll misses you.
Sonja moves out of view.
You see here a +2 whip of electrocution.
You hit the gnoll sergeant but do no damage.
You tail-slap the gnoll sergeant.
The gnoll sergeant is lightly wounded.
The gnoll barely misses you.
You barely miss the gnoll.
You hit the gnoll sergeant but do no damage.
You tail-slap the gnoll sergeant.
The gnoll sergeant is lightly wounded.
The gnoll closely misses you. The gnoll completely misses you.
The gnoll sergeant hits you with a +1 trident of protection!
You barely miss the gnoll sergeant.
The gnoll sergeant is lightly wounded.
You block the gnoll's attack. The gnoll barely misses you.
The gnoll sergeant hits you with a +1 trident of protection.
You hit the gnoll sergeant. You burn the gnoll sergeant.
You tail-slap the gnoll sergeant.
The gnoll sergeant is heavily wounded.
You hit the gnoll sergeant but do no damage.
The gnoll sergeant is heavily wounded.
The gnoll sergeant misses you.
A gnoll comes into view. It is wielding a +0 spear.
The gnoll misses you. x2
You hit the gnoll sergeant but do no damage.
The gnoll sergeant is heavily wounded.
The gnoll misses you. The gnoll closely misses you.
The gnoll sergeant hits you with a +1 trident of protection!
Your body deteriorates!
You feel weakened.
You hit the gnoll sergeant but do no damage.
The gnoll sergeant is heavily wounded.
You hit the gnoll sergeant but do no damage.
The gnoll sergeant is heavily wounded.
You block the gnoll's attack. The gnoll sergeant misses you.
You hit the gnoll sergeant but do no damage.
The gnoll sergeant is heavily wounded.
You hit the gnoll sergeant but do no damage.
The gnoll sergeant is heavily wounded.
The gnoll misses you. You block the gnoll's attack.
The gnoll sergeant hits you with a +1 trident of protection!
You hit the gnoll sergeant. You burn the gnoll sergeant.
The gnoll sergeant is heavily wounded.
You block the gnoll sergeant's attack. You block the gnoll's attack.
The gnoll hits you from afar with a +0 halberd.
The gnoll misses you.
You hit the gnoll sergeant. You burn the gnoll sergeant.
You tail-slap the gnoll sergeant, but do no damage.
The gnoll sergeant is severely wounded.
You barely miss the gnoll sergeant.
The gnoll sergeant is severely wounded.
You block the gnoll's attack. x2
The gnoll sergeant hits you with a +1 trident of protection!
You barely miss the gnoll sergeant.
The gnoll sergeant is severely wounded.
Sonja shouts!
Sonja casts a spell.
Sonja blinks!
An acid dragon comes into view.
The gnoll hits you but does no damage. You block the gnoll's attack. x2
The gnoll sergeant hits you with a +1 trident of protection.
The acid dragon roars!
You hit the gnoll sergeant. You burn the gnoll sergeant.
The gnoll sergeant is almost dead.
You hit the gnoll sergeant but do no damage.
You tail-slap the gnoll sergeant.
You kill the gnoll sergeant!
The gnoll hits you but does no damage. The gnoll completely misses you.
You block the gnoll's attack. The gnoll attacks as you move away!
You block the gnoll's attack.
Sonja shouts, "Too slow!"
Sonja casts a spell.
Sonja blinks!
The gnoll attacks as you move away! The gnoll misses you.
The gnoll attacks as you move away! The gnoll closely misses you.
You barely miss the gnoll. You completely miss the gnoll.
You block the gnoll's attack.
You closely miss the gnoll. You tail-slap the gnoll.
The gnoll is lightly wounded.
You block the gnoll's attack. The gnoll barely misses you.
Activating: Recite (0% risk of failure)
Press: ? - help, Dir - look around, f - activate Look: a gnoll, wielding a +0 flail (lightly wounded)
You clear your throat and prepare to recite. "And Zin, furious at their anarchy, held..."
The gnoll is confused by your recitation.
The gnoll shouts!
The gnoll hits the gnoll with a +0 spear!
You block the gnoll's attack. x2 "...aloft a silver sceptre!
The amorphous wretches..."
The gnoll is confused by your recitation.
Sonja throws a curare-tipped dart.
The curare-tipped dart hits you.
You are poisoned.
You have difficulty breathing.
You feel yourself slow down. "...were censured, and thus the way of things was maintained."
You finish reciting Abominations 24:60.
You feel sick.
You feel sick.
Sonja throws a curare-tipped dart.
The curare-tipped dart hits you.
You are more poisoned.
You have difficulty breathing.
You feel as though you will be slow longer.
You feel sick.
You barely miss Sonja.
You feel sick. You block Sonja's attack.
Sonja hits you with a +2 short sword of venom.
You block Sonja's attack.
You completely miss Sonja.
Your tail-slap misses Sonja.
You feel sick. Sonja misses you.
Sonja hits you with a +2 short sword of venom.
* * * LOW HITPOINT WARNING * * *
You block Sonja's attack. The gnoll hits you but does no damage.
Sonja barely misses you. Sonja hits you but does no damage.
You are more poisoned.
Sonja hits you but does no damage.
You are more poisoned.
You whack Sonja! You burn Sonja.
Your tail-slap misses Sonja.
Sonja is heavily wounded.
You feel very sick.
You block Sonja's attack. x3; The gnoll misses you.
You closely miss Sonja.
Sonja is heavily wounded.
You feel very sick. Sonja barely misses you. You block Sonja's attack.
Sonja completely misses you. The gnoll barely misses you.
Unknown command.
You whack Sonja! You burn Sonja.
Sonja is almost dead.
You feel sick. You block Sonja's attack. Sonja barely misses you.
You block Sonja's attack.
The gnoll hits you from afar with a +0 halberd.
* * * LOW HITPOINT WARNING * * *
Sonja gestures wildly while chanting.
Sonja blinks!
Unknown command.
* * * LOW HITPOINT WARNING * * *
You feel very sick.
Sonja throws a curare-tipped dart.
The curare-tipped dart hits you.
You are lethally poisoned!
You have difficulty breathing.
You die...

Skill      XL: |  1  2  3  4  5  6  7  8  9 10 |
---------------+-------------------------------+-----
Maces & Flails | 2 3 4 5 6 7 9 |  9.9
Fighting       | 3 4 5 6 7 |  7.3
Shields        | 4 |  4.0
Invocations    | 2 4 6 8 9 |  9.5
Armour         | |  3.6
Evocations     | |  0.3

Action                   |  1- 3 |  4- 6 |  7- 9 | 10-12 || total
-------------------------+-------+-------+-------+-------++-------
Melee: Flail             |   110 |   154 |    89 |       ||   353
       Tailslap          |     6 |    19 |    45 |    38 ||   108
       Unarmed           |       |     5 |       |       ||     5
       Morningstar       |       |       |   126 |       ||   126
       Whip              |       |       |    64 |   192 ||   256
Throw: Boomerang         |     2 |     4 |     5 |       ||    11
       Dart              |       |     9 |    35 |       ||    44
Invok: Recite            |       |       |     7 |     4 ||    11
Evoke: Wand              |       |     2 |    10 |       ||    12
  Use: Potion            |       |     7 |       |       ||     7
       Scroll            |       |       |     7 |     1 ||     8
 Stab: Confused          |       |       |     2 |     3 ||     5
Armor: Scale mail        |    23 |       |       |       ||    23
       Chain mail        |    42 |    66 |   107 |    17 ||   232
       Skin              |       |     9 |       |       ||     9
       Steam dragon scal |       |       |       |    24 ||    24
       Troll leather arm |       |       |       |     6 ||     6
Dodge: Dodged            |    24 |    38 |   111 |   107 ||   280
Block: Buckler           |    17 |    32 |    53 |    60 ||   162

Levels and vault maps discovered:
D:1:      grunt_arrival_lava_bath, layout_basic
D:2:      layout_loops_ring, serial_shops, shop
D:3:      layout_rooms, serial_shops, nicolae_diamond_shop,
          chequers_serial_rivers_small_b, chequers_arboretum, uniq_terence
D:4:      layout_loops_cross, minmay_temple_entry_offerings, minivault_27,
          reono_crystal_passage, minmay_manual_monstrance
D:5:      layout_loops_corners
D:6:      layout_rooms, uniq_blork_the_orc, uniq_grinder
D:7:      layout_cave_pools, gammafunk_ghost_necromancy
D:8:      layout_rooms, serial_co_window_serial, co_window_paths_b,
          co_window_paths_b, co_window_paths_a, co_window_paths_a,
          co_window_corner_a, co_window_of_opportunity_a, co_window_paths_a,
          co_window_paths_b, co_window_paths_a, co_window_cross_4,
          co_window_cross_2, co_window_corner_b, co_window_paths_c,
          co_window_unsneaky_path_a, co_window_broadway_b
D:9:      layout_rooms, minmay_misc_feat_rows, kennysheep_generic_room_4
D:10:     layout_gridville, amcnicky_altar_gilded, lair_entry_dummy,
          orc_david_3, nicolae_titane, uniq_sonja
Temple:   mainiacjoe_temple_archimedes_tessellation

Notes
Turn   | Place    | Note
-------+----------+-------------------------------------------
     0 | D:1      | scionoferis the Armataur Fighter began the quest for the
                  | Orb.
     0 | D:1      | Reached XP level 1. HP: 19/19 MP: 1/1
   124 | D:1      | Reached skill level 2 in Maces & Flails
   204 | D:1      | Reached XP level 2. HP: 26/26 MP: 2/2
   623 | D:2      | Reached skill level 3 in Fighting
   655 | D:2      | Reached XP level 3. HP: 23/33 MP: 3/3
   711 | D:2      | Found Vas Taw's Antique Armour Shoppe.
  1281 | D:3      | Found Rimaogh's Antique Weapon Boutique.
  1298 | D:3      | Reached skill level 3 in Maces & Flails
  1358 | D:3      | Reached XP level 4. HP: 40/40 MP: 4/4
  1365 | D:3      | Reached skill level 4 in Shields
  1611 | D:3      | HP: 4/40 [gnoll/+0 spear (8)]
  1616 | D:2      | Gained mutation: Your magical capacity is low. (-10% MP)
                  | [potion of mutation]
  1616 | D:2      | Gained mutation: You are agile. (Dex +4, Str/Int -1)
                  | [potion of mutation]
  1616 | D:2      | Gained mutation: Your body sometimes deteriorates upon
                  | taking damage. [potion of mutation]
  1616 | D:2      | Gained mutation: Your body often deteriorates upon taking
                  | damage. [potion of mutation]
  1616 | D:2      | Gained mutation: You occasionally shout uncontrollably at
                  | your foes. [potion of mutation]
  1616 | D:2      | Gained mutation: Your spells are a little easier to cast,
                  | but a little less powerful. [potion of mutation]
  1616 | D:2      | Gained mutation: You are partially covered in iridescent
                  | scales. (AC +2) [potion of mutation]
  1617 | D:2      | Identified a potion of resistance
  1618 | D:2      | HP: 5/60 [gnoll/+0 flail (1)]
  1843 | D:3      | Reached XP level 5. HP: 47/48 MP: 4/4
  2034 | D:3      | Reached skill level 4 in Maces & Flails
  2123 | D:3      | Noticed Terence
  2140 | D:3      | Killed Terence
  2935 | D:4      | Found a staircase to the Ecumenical Temple.
  2948 | Temple   | Entered the Ecumenical Temple
  3168 | Temple   | Became a worshipper of Zin the Law-Giver
  3168 | Temple   | Reached * piety under Zin
  3331 | D:4      | Reached XP level 6. HP: 35/55 MP: 5/5
  3576 | D:5      | Entered Level 5 of the Dungeon
  3605 | D:5      | Reached skill level 4 in Fighting
  3636 | D:5      | Reached skill level 1 in Invocations
  3840 | D:5      | Noticed a water moccasin
  3851 | D:5      | Killed a water moccasin
  3852 | D:5      | Reached skill level 5 in Maces & Flails
  3852 | D:5      | Reached skill level 2 in Invocations
  4164 | D:5      | Identified a +0 robe of resistance
  4346 | D:5      | Reached XP level 7. HP: 39/63 MP: 8/8
  4863 | D:5      | Reached skill level 3 in Invocations
  5067 | D:3      | Bought a runed broad axe for 182 gold pieces
  5152 | D:6      | Noticed a steam dragon
  5155 | D:6      | Noticed Blork the orc
  5172 | D:6      | Killed a steam dragon
  5238 | D:5      | Reached skill level 4 in Invocations
  5251 | D:6      | Reached skill level 6 in Maces & Flails
  5262 | D:6      | Reached XP level 8. HP: 62/71 MP: 10/10
  5268 | D:6      | Noticed Grinder
  5353 | D:6      | Paralysed by Grinder for 2 turns
  5434 | D:6      | Reached skill level 5 in Fighting
  5437 | D:6      | Reached ** piety under Zin
  5552 | D:6      | Reached skill level 5 in Invocations
  5578 | D:6      | Paralysed by Grinder for 5 turns
  5591 | D:6      | Paralysed by Grinder for 4 turns
  5598 | D:6      | Paralysed by Grinder for 4 turns
  5614 | D:6      | Paralysed by Grinder for 3 turns
  5622 | D:6      | Killed Grinder
  5934 | D:6      | Killed Blork the orc
  5935 | D:6      | Reached skill level 7 in Maces & Flails
  6022 | D:7      | Reached skill level 6 in Invocations
  6131 | D:7      | Reached XP level 9. HP: 80/80 MP: 12/12
  6255 | D:7      | Found a runed translucent gate.
  6256 | D:7      | Found a runed translucent gate.
  6317 | D:7      | Found a runed translucent gate.
  6318 | D:7      | Noticed a spectral unseen horror
  6324 | D:7      | Noticed hgbash's ghost (novice GnIE)
  6334 | D:7      | Reached *** piety under Zin
  6909 | D:8      | Reached **** piety under Zin
  7030 | D:8      | Reached skill level 6 in Fighting
  7206 | D:8      | Reached skill level 8 in Maces & Flails
  7206 | D:8      | Reached skill level 7 in Invocations
  7423 | D:8      | Noticed a two-headed ogre
  7432 | D:8      | Killed a two-headed ogre
  7433 | D:8      | Reached skill level 8 in Invocations
  7804 | D:9      | Noticed a troll
  7815 | D:9      | Killed a troll
  7816 | D:9      | Reached skill level 9 in Maces & Flails
  7816 | D:9      | Reached XP level 10. HP: 71/89 MP: 14/14
  8228 | D:9      | Noticed a rust devil
  8256 | D:8      | Reached skill level 7 in Fighting
  8282 | D:8      | Reached skill level 9 in Invocations
  8690 | D:10     | Entered Level 10 of the Dungeon
  8758 | D:10     | Found Haicet's Weapon Shoppe.
  8758 | D:10     | Found a staircase to the Orcish Mines.
  8789 | D:10     | Reached ***** piety under Zin
  8850 | D:10     | Noticed Sonja
  8889 | D:10     | HP: 8/92 [gnoll/+0 halberd[a gnoll sergeant] (5)]
  8890 | D:10     | Asphyxiated

Vanquished Creatures
  A two-headed ogre (D:8)
  A kobold demonologist (D:8)
  2 trolls (D:9 D:8)
  Grinder (D:6)
  8 yaks (D:8 D:9)
  2 wyverns (D:7)
  3 steam dragons (D:6 D:8)
  2 water moccasins (D:5)
  An orc warrior (D:9)
  2 ice beasts (D:6 D:7)
  A sky beast (D:7)
  A black bear (D:6)
  5 centaurs (D:6 D:8 D:9 D:10)
  5 kobold brigands (D:7 D:9 D:8)
  A gnoll sergeant (D:10)
  Blork the orc (D:6)
  2 necrophages (D:6)
  4 wights (D:8)
  4 howler monkeys (D:7 D:9 D:8)
  2 orc priests (D:5 D:9)
  3 jellies (D:6 D:7)
  3 hounds (D:5 D:6 D:7)
  3 iguanas (D:4 D:5 D:6)
  10 orc wizards (D:4 D:5 D:8 D:9)
  Terence (D:3)
  9 gnolls (D:3 D:2 D:10)
  11 adders (D:2 D:3 D:4 D:5 D:6)
  A shadow imp (D:7)
  A white imp (D:8)
  5 dart slugs (D:1 D:2 D:4)
  3 worms (D:2 D:3)
  25 orcs (D:3 D:4 D:5 D:6 D:7)
  4 bats (D:1 D:2 D:3)
  7 endoplasms (D:1 D:3 D:2 D:4)
  2 giant cockroaches (D:2 D:3)
  5 goblins (D:1 D:2 D:4)
  6 hobgoblins (D:1 D:2 D:3 D:4)
  2 jackals (D:4)
  2 quokkas (D:1)
  7 ball pythons (D:1 D:2 D:3 D:4)
  3 frilled lizards (D:1 D:2 D:3)
  10 kobolds (D:1 D:2 D:3 D:4 D:7)
  3 rats (D:2 D:3)
175 creatures vanquished.

Vanquished Creatures (others)
  2 kobolds (D:9)
2 creatures vanquished.

Grand Total: 177 creatures vanquished

Table legend: (Time is in decaauts)
 A = Elapsed time spent in this place.
 B = Non-inter-level travel time spent in this place.
 C = Inter-level travel time spent in this place.
 D = Time resting spent in this place.
 E = Time spent auto-exploring this place.
 F = Levels seen in this place.
 G = Mean time per level.
                   A        B        C        D        E       F      G
               +--------+--------+--------+--------+--------+-----+--------+
         Total |   8949 |   8327 |    622 |   1040 |   5130 |  11 |  813.5 |
       Dungeon |   8717 |   8128 |    589 |   1040 |   4950 |  10 |  871.7 |
        Temple |    232 |    199 |     33 |      0 |    180 |   1 |  232.0 |
               +--------+--------+--------+--------+--------+-----+--------+

Top non-repeatable levels by time:
     D:5: 1633 daAuts
     D:8: 1482 daAuts
     D:2: 1039 daAuts
     D:3: 1005 daAuts
     D:4: 891 daAuts
     D:6: 734 daAuts
     D:7: 704 daAuts
     D:1: 548 daAuts
     D:9: 487 daAuts
  Temple: 232 daAuts
    D:10: 190 daAuts

Table legend:
 A = Non-vault XP
 B = Vault XP
 C = Vault XP percentage of total XP
 D = Non-vault monster count
 E = Vault monster count
 F = Vault count percentage of total count
                 A         B        C        D         E       F
            +---------+---------+-------+---------+---------+-------
      Total |    8129 |     769 |   8.6 |     163 |      12 |   6.9
            +---------+---------+-------+---------+---------+-------
        D:1 |      27 |       0 |   0.0 |      14 |       0 |   0.0
        D:2 |      81 |       0 |   0.0 |      20 |       0 |   0.0
        D:3 |     138 |      36 |  20.7 |      20 |       1 |   4.8
        D:4 |      65 |      63 |  49.2 |      14 |       3 |  17.6
        D:5 |     688 |       0 |   0.0 |      21 |       0 |   0.0
        D:6 |     875 |     371 |  29.8 |      12 |       2 |  14.3
        D:7 |     964 |       0 |   0.0 |      13 |       0 |   0.0
        D:8 |    3339 |     181 |   5.1 |      29 |       1 |   3.3
        D:9 |    1737 |     106 |   5.8 |      17 |       1 |   5.6
       D:10 |     215 |      12 |   5.3 |       3 |       4 |  57.1
            +---------+---------+-------+---------+---------+-------
